 Dungeon Crawl Stone Soup version 0.29-a0-824-gd827844252 (webtiles) character file.

Game seed: 8307587879784793029

953 Malachi the Spear-Bearer (level 8, -1/52 HPs)
             Began as an Octopode Berserker on July 10, 2022.
             Was a Priest of Trog.
             Slain by a black bear (4 damage)
             ... on level 4 of the Dungeon.
             The game lasted 00:02:58 (3319 turns).

Malachi the Spear-Bearer (Octopode Berserker)       Turns: 3319, Time: 00:02:59

Health: -1/52      AC:  1    Str: 18    XL:     8   Next: 14%
Magic:  8/8        EV: 13    Int: 10    God:    Trog [***...]
Gold:   219        SH:  0    Dex: 11    Spells: 7/7 levels left

rFire   . . .      SeeInvis .   h - +0 demon trident (flame)
rCold   . . .      Faith    .   s - orb {light}
rNeg    . . .      Spirit   .   (helmet restricted)
rPois   .          Reflect  .   (no amulet)
rElec   .          Harm     .   (no ring)
rCorr   .          Rampage  .   (no ring)
Will    .....                   (no ring)
Stlth   +.........              (no ring)
HPRegen 0.17/turn               (no ring)
MPRegen 0.11/turn               (no ring)
                                (no ring)
                                (no ring)

@: on berserk cooldown, glowing
A: almost no armour, amphibious, 8 rings, camouflage 1, gelatinous body 1,
(nimble swimmer 1), tentacles
a: Renounce Religion, Berserk, Trog's Hand


You were on level 4 of the Dungeon.
You worshipped Trog.
Trog was most pleased with you.
You visited 1 branch of the dungeon, and saw 5 of its levels.

You collected 219 gold pieces.

Inventory:

Hand Weapons
 h - a +0 demon trident of flaming (weapon)
Armour
 s - an orb of light (worn)
Jewellery
 k - a ring of magical power
Wands
 o - a wand of roots (9)
 p - a wand of charming (5)
Scrolls
 a - a scroll of enchant armour {unknown}
 b - a scroll of poison {unknown}
 c - 3 scrolls of teleportation {unknown}
 e - 2 scrolls of magic mapping {unknown}
 g - 6 scrolls of identify {unknown}
 j - a scroll of noise {unknown}
 l - a scroll of enchant weapon {unknown}
 m - 2 scrolls of amnesia {unknown}
 q - a scroll of summoning {unknown}
 r - a scroll of fog {unknown}
Potions
 d - a potion of flight {unknown}
 i - 2 potions of mutation {unknown}
 n - a potion of degeneration {unknown}


   Skills:
 - Level 3.0 Fighting
 - Level 3.8(6.7) Axes
 * Level 8.6(9.0) Polearms
 - Level 3.0 Dodging
 - Level 0.8 Stealth


You had 7 spell levels left.
You didn't know any spells.
Your spell library was empty.

Dungeon Overview and Level Annotations

Branches:
Dungeon (5/15)
 Temple: D:4-7

Altars:


Innate Abilities, Weirdness & Mutations

You cannot wear most types of armour.
You are amphibious.
You can wear up to eight rings at the same time.
Your skin changes colour to match your surroundings (Stealth+).
Your rubbery body absorbs attacks. (AC +1, EV +1)
((You are camouflaged when in or above water. (Stealth+)))
You have tentacles for arms and can constrict up to eight enemies at once.


Message History

It was a potion of heal wounds.
You feel much better. The orc completely misses you. The orc barely misses you.
The orc barely misses you.
The black bear attacks as you move away!
The black bear misses you. The black bear closely misses you.
The black bear claws you. The orc hits you with a +0 falchion!
* * * LOW HITPOINT WARNING * * *
The black bear attacks as you move away!
The black bear completely misses you. The black bear claws you.
* * * LOW HITPOINT WARNING * * *
The black bear misses you. The orc attacks as you move away!
The orc barely misses you. The orc barely misses you.
Okay, then.
You feel much better. The black bear closely misses you.
The black bear misses you. The black bear claws you.
The orc closely misses you.
The orc sings a few bars from the Orcish anthem.
The black bear barely misses you. x2; The black bear closely misses you.
The orc hits you with a +0 falchion. The orc attacks as you move away!
The orc hits you with a +0 falchion.
You feel yourself speed up. The black bear misses you.
The black bear barely misses you. x2
The orc barely misses you.
There is a stone staircase leading up, spattered with blood here.
The orc hits you with a +0 falchion. The black bear bites you.
The black bear claws you.
* * * LOW HITPOINT WARNING * * *
The black bear claws you.
* * * LOW HITPOINT WARNING * * *
You climb upwards.
There is a stone staircase leading down here.
The orc hits you with a +0 falchion.
* * * LOW HITPOINT WARNING * * *
The black bear bites you.
* * * LOW HITPOINT WARNING * * *
The black bear claws you.
You die...

#.###............<....†......
#.# #.#...#########...†......
#.# #......# #.......... #.#
#......# #.#########
#.###......##### #.###
###..............# #.#.# #
#.............#######.#.#######
#........#.##..................
#.#...........@########.#######
#.###.#......o>h...............
###...#.##.###.################
#.###.##......####### ######
#.........#..###....# #.....
#####.##............#########
#..#####.###.....##....... #..#
#.# #.....##.......
####..#####.# #.....##.......


You could see a black bear and an orc.

Vanquished Creatures
  A wraith (D:5)
  An ice beast (D:5)
  2 black bears (D:5)
  An ogre (D:5)
  A centaur (D:5)
  A phantom (D:4)
  A lemure (D:5)
  2 scorpions (D:5)
  2 hounds
  An iguana (D:4)
  A gnoll (D:5)
  2 adders
  An ufetubus (D:4)
  2 dart slugs (D:3)
  5 orcs (D:4)
  8 ball pythons
  6 endoplasms
  2 giant cockroaches
  3 goblins
  4 hobgoblins
  6 jackals
  10 kobolds
  A quokka (D:4)
  8 bats
  A rat (D:2)
73 creatures vanquished.

Vanquished Creatures (others)
  12 plants (D:4)
12 creatures vanquished.

Grand Total: 85 creatures vanquished

Notes
Turn   | Place    | Note
-------+----------+-------------------------------------------
     0 | D:1      | Malachi the Octopode Berserker began the quest for the Orb.
     0 | D:1      | Reached XP level 1. HP: 16/16 MP: 1/1
   117 | D:1      | Found a faded altar of an unknown god.
   360 | D:1      | You fall into a shaft and drop 1 floor!
   383 | D:2      | Reached XP level 2. HP: 18/21 MP: 2/2
  1021 | D:2      | Reached XP level 3. HP: 26/26 MP: 3/3
  1034 | D:2      | Reached ** piety under Trog
  1035 | D:2      | Reached skill level 1 in Polearms
  1684 | D:3      | Reached skill level 2 in Polearms
  2026 | D:3      | Reached XP level 4. HP: 31/31 MP: 4/4
  2484 | D:4      | Reached skill level 3 in Polearms
  2492 | D:4      | Reached XP level 5. HP: 29/36 MP: 5/5
  2800 | D:4      | Reached skill level 4 in Polearms
  2990 | D:4      | Noticed a phantom
  3008 | D:4      | Killed a phantom
  3009 | D:4      | Reached skill level 5 in Polearms
  3009 | D:4      | Reached XP level 6. HP: 29/42 MP: 6/6
  3107 | D:5      | Entered Level 5 of the Dungeon
  3107 | D:5      | Noticed a black bear
  3107 | D:5      | Noticed a black bear
  3111 | D:5      | Killed a black bear
  3112 | D:5      | Killed a black bear
  3113 | D:5      | Reached skill level 6 in Polearms
  3116 | D:5      | Reached XP level 7. HP: 43/46 MP: 7/7
  3276 | D:5      | Noticed a wraith
  3286 | D:5      | Reached skill level 7 in Polearms
  3290 | D:5      | Killed a wraith
  3291 | D:5      | Reached skill level 8 in Polearms
  3293 | D:5      | Reached XP level 8. HP: 27/52 MP: 8/8
  3294 | D:5      | Reached *** piety under Trog
  3302 | D:5      | HP: 2/52 [orc/+0 falchion (7)]
  3319 | D:4      | Slain by a black bear

Illustrated notes

Levels and vault maps discovered:
D:1:      dpeg_arrival_rooms_a, layout_basic,
          shapermc_ecumenical_altar_notcrosses
D:2:      layout_rooms
D:3:      layout_loops_corners, grunt_decor_clamped
D:4:      layout_basic, serial_bayou_lagoon_a
D:5:      cheibrodos_fzero, layout_cave_pods, old_standard_altar,
          nicolae_overflow_hidden_temple, uniq_pikel

Skill      XL: |  1  2  3  4  5  6  7 |
---------------+----------------------+-----
Polearms       | 2 3 5 6 8 |  8.6
Fighting       | |  3.0
Axes           | |  3.8
Dodging        | |  3.0
Stealth        | |  0.8

Action                   |  1- 3 |  4- 6 |  7- 9 || total
-------------------------+-------+-------+-------++-------
Melee: Hand axe          |    24 |       |       ||    24
       Constrict         |    10 |     6 |     1 ||    17
       Tentacles         |     5 |    10 |     2 ||    17
       Demon trident     |    38 |    64 |    20 ||   122
       Punch             |       |     1 |       ||     1
Invok: Berserk           |       |     1 |     1 ||     2
  Use: Potion            |       |       |     2 ||     2
 Stab: Sleeping          |    12 |     4 |       ||    16
Armor: Skin              |     4 |     5 |     1 ||    10
Dodge: Dodged            |    36 |    28 |    21 ||    85

Table legend: (Time is in decaauts)
 A = Elapsed time spent in this place.
 B = Non-inter-level travel time spent in this place.
 C = Inter-level travel time spent in this place.
 D = Time resting spent in this place.
 E = Time spent auto-exploring this place.
 F = Levels seen in this place.
 G = Mean time per level.
                   A        B        C        D        E       F      G
               +--------+--------+--------+--------+--------+-----+--------+
         Total |   3339 |   3252 |     87 |    561 |   2262 |   5 |  667.8 |
       Dungeon |   3339 |   3252 |     87 |    561 |   2262 |   5 |  667.8 |
               +--------+--------+--------+--------+--------+-----+--------+

Top non-repeatable levels by time:
     D:2: 895 daAuts
     D:3: 893 daAuts
     D:4: 878 daAuts
     D:1: 454 daAuts
     D:5: 218 daAuts
